 Dungeon Sprint DCSS version 0.27-a0-1322-gfdffb62a71 (webtiles) character file.

Game seed: 6990978720696220899

105 rocky1 the Blocker (level 5, -4/41 HPs)
             Began as a Formicid Fighter on June 23, 2021.
             Slain by an iguana (7 damage)
             ... in the Dungeon (Sprint IX: "|||||||||||||||||||||||||||||").
             The game lasted 00:00:42 (257 turns).

rocky1 the Blocker (Formicid Fighter)                Turns: 257, Time: 00:00:42

Health: -4/41      AC:  6    Str: 22    XL:     5   Next: 9%
Magic:  5/5        EV:  9    Int:  7    God:
Gold:   0          SH: 11    Dex: 10    Spells: 4/4 levels left

rFire    . . .     SeeInvis +   a - +0 long sword
rCold    . . .     Faith    .   c - +0 kite shield
rNeg     . . .     Spirit   .   b - +0 scale mail
rPois    .         Reflect  .   (helmet unavailable)
rElec    .         Harm     .   (no cloak)
rCorr    .         Rampage  .   (no gloves)
Will     .....                  (no boots)
Stlth    ..........             (no amulet)
HPRegen  0.13/turn              (no ring)
MPRegen  0.09/turn              (no ring)

@: no status effects
A: permanent stasis, dig shafts and tunnels, antennae 3, four strong arms
a: Dig


You were in the Dungeon.
You visited 1 branch

Inventory:

Hand Weapons
 a - a +0 long sword (weapon)
Armour
 b - a +0 scale mail (worn)
 c - a +0 kite shield (worn)
Potions
 d - a potion of might
 e - a potion of curing
 f - a potion of heal wounds
 g - 2 potions of magic


   Skills:
 - Level 3.2 Fighting
 + Level 6.7 Long Blades
 - Level 3.2 Armour
 + Level 8.5 Shields


You had 4 spell levels left.
You didn't know any spells.
Your spell library was empty.

Dungeon Overview and Level Annotations

Branches:
Dungeon (1/1)

Altars:


Innate Abilities, Weirdness & Mutations

You cannot be hasted, slowed, berserked, paralysed or teleported.
You can dig through walls and to a lower floor.
You have a pair of large antennae on your head. (SInv)
Your four strong arms can wield two-handed weapons with a shield.


Message History

You miss the phantom.
The phantom is lightly damaged.
The phantom barely misses you.
You hit the phantom.
The phantom is moderately damaged.
The phantom hits you but does no damage.
The phantom barely misses you.
You hit the phantom but do no damage.
The phantom is moderately damaged.
The phantom barely misses you.
You riposte.
You hit the phantom.
The phantom is moderately damaged.
You slash the phantom!
The phantom is almost destroyed.
The phantom closely misses you.
You riposte.
You slash the phantom!
You destroy the phantom!
Your Long Blades skill gained 2 levels and is now at level 6!
Your Shields skill gained 2 levels and is now at level 8!
You have reached level 4!
You feel stronger.
You have reached level 5!
You block the quokka's attack.
You slash the quokka!
You kill the quokka!
You closely miss the iguana. The iguana closely misses you.
You hit the iguana but do no damage. The iguana bites you!
* * * LOW HITPOINT WARNING * * *
You slash the iguana!
The iguana is heavily wounded.
You block the iguana's attack.
You closely miss the iguana.
The iguana is heavily wounded.
The iguana bites you!
* * * LOW HITPOINT WARNING * * *
You closely miss the iguana.
The iguana is heavily wounded.
You block the iguana's attack. The iguana barely misses you.
You barely miss the iguana.
The iguana is heavily wounded.
The iguana bites you!
You die...

▓+▓
▓.▓
▓.▓
▓o▓
▓l▓
▓@▓
▓†▓
▓.▓
▓.▓
▓.▓
▓.▓
▓.▓
▓)▓
▓.▓


You could see an iguana and an orc.

Vanquished Creatures
  A phantom (D)
  A hound (D)
  A giant cockroach (D)
  2 hobgoblins (D)
  A kobold (D)
  A quokka (D)
  A bat (D)
8 creatures vanquished.

Notes
Turn   | Place    | Note
-------+----------+-------------------------------------------
     0 | D        | rocky1 the Formicid Fighter began the quest for the Orb.
     0 | D        | Reached XP level 1. HP: 18/18 MP: 1/1
    10 | D        | Reached skill level 4 in Shields
    35 | D        | Reached XP level 2. HP: 17/24 MP: 2/2
   225 | D        | Noticed a phantom
   233 | D        | Reached skill level 6 in Shields
   233 | D        | Reached XP level 3. HP: 28/29 MP: 3/3
   249 | D        | Killed a phantom
   250 | D        | Reached skill level 8 in Shields
   250 | D        | Reached XP level 4. HP: 17/35 MP: 4/4
   250 | D        | Reached XP level 5. HP: 21/41 MP: 5/5
   255 | D        | HP: 2/41 [iguana (8)]
   257 | D        | Slain by an iguana

Illustrated notes

Levels and vault maps discovered:
D:        linesprint [early_d, line_temple, items_1, d_10, items_2, lair_1,
          lair_end, items_3, orc_1, orc_end, items_4, d_15, swamp_1, shoals_1,
          snake_1, spider_1, d_20, vaults_1, items_5, swamp_end, shoals_end,
          snake_end, spider_end, vaults_end, d_27, items_6, zot_1, zot_end,
          crypt_end, forest_end, elf_end, slime_end, tomb_end, abyss_end,
          pan_hell_end]

Skill      XL: |  1  2  3 |
---------------+----------+-----
Shields        | 4 6 8 |  8.5
Long Blades    | 3 4 6 |  6.7
Fighting       | |  3.2
Armour         | |  3.2

Action                   |  1- 3 |  4- 6 || total
-------------------------+-------+-------++-------
Melee: Long sword        |    52 |     7 ||    59
Armor: Scale mail        |    19 |       ||    19
Dodge: Dodged            |    24 |     2 ||    26
Block: Kite shield       |    33 |     3 ||    36
       Rpst.: Long sword |     5 |       ||     5

Table legend: (Time is in decaauts)
 A = Elapsed time spent in this place.
 B = Non-inter-level travel time spent in this place.
 C = Inter-level travel time spent in this place.
 D = Time resting spent in this place.
 E = Time spent auto-exploring this place.
 F = Levels seen in this place.
 G = Mean time per level.
                   A        B        C        D        E       F      G
               +--------+--------+--------+--------+--------+-----+--------+
         Total |    276 |    276 |      0 |    186 |      0 |   1 |  276.0 |
       Dungeon |    276 |    276 |      0 |    186 |      0 |   1 |  276.0 |
               +--------+--------+--------+--------+--------+-----+--------+

Top non-repeatable levels by time:
       D: 276 daAuts
